 Dungeon Crawl Stone Soup version 0.25.1-1-g288607f5aa (webtiles) character file.

Game seed: 5584719334234319163

426 lepoulpe303 the Changer (level 6, -5/28 HPs)
             Began as a Spriggan Venom Mage on July 29, 2020.
             Slain by a phantom (7 damage)
             ... on level 4 of the Dungeon.
             The game lasted 00:15:02 (4920 turns).

lepoulpe303 the Changer (Spriggan Venom Mage)       Turns: 4920, Time: 00:15:02

Health: -5/28      AC:  2    Str:  4    XL:     6   Next: 64%
Magic:  12/12      EV: 18    Int: 19    God:
Gold:   184        SH:  0    Dex: 16    Spells: 3/12 levels left

rFire    . . .     SeeInvis +   b - +0 short sword
rCold    . . .     Gourm    .   (shield restricted)
rNeg     . . .     Faith    .   v - +0 robe
rPois    .         Spirit   .   (helmet restricted)
rElec    .         Reflect  .   f - scarf {+Inv}
rCorr    .         Harm     .   (gloves unavailable)
MR       +....                  (boots unavailable)
Stlth    +++.......             (no amulet)
HPRegen  0.09/turn              (no ring)
MPRegen  0.13/turn              (no ring)

@: slowed, quick
A: very small, unfitting armour, see invisible, herbivore, speed 3, slow
metabolism 2
a: Evoke Invisibility


You were on level 4 of the Dungeon.
You were not hungry.

You visited 1 branch of the dungeon, and saw 4 of its levels.

You collected 184 gold pieces.

Inventory:

Hand Weapons
 a - a +0 dagger of venom
 b - a +0 short sword (weapon)
Missiles
 m - 3 boomerangs
 w - a throwing net {=f}
Armour
 f - a scarf of invisibility (worn)
 v - a +0 robe (worn)
Jewellery
 s - an uncursed ring of magical power {MP+9}
Scrolls
 d - 2 scrolls of remove curse {unknown}
 g - a scroll of immolation {unknown}
 i - 3 scrolls of teleportation {unknown}
 l - 4 scrolls of identify {unknown}
 n - a scroll of enchant armour {unknown}
 o - 2 scrolls of blinking {unknown}
 q - a scroll of enchant weapon {unknown}
 r - a scroll of fear {unknown}
 t - a scroll of magic mapping {unknown}
Potions
 c - a potion of invisibility {unknown}
 h - a potion of lignification {unknown}
 j - a potion of flight {unknown}
 k - a potion of haste {unknown}
 p - a potion of might {unknown}
 u - 2 potions of degeneration {unknown}
 x - 2 potions of curing {unknown}
Comestibles
 e - 5 rations


   Skills:
 + Level 2.2 Short Blades
 - Level 3.0 Dodging
 + Level 4.8 Stealth
 + Level 3.8 Spellcasting
 * Level 4.8 Transmutations
 * Level 4.6 Poison Magic
 + Level 2.3 Evocations


You had 3 spell levels left.
You knew the following spells:

 Your Spells              Type           Power        Failure   Level  Hunger
a - Sting                 Tmut/Pois      ###.         1%          1    None
b - Poisonous Vapours     Pois/Air       ##....       9%          2    ##.....
c - Ignite Poison         Fire/Tmut/Pois ###.....     12%         3    ###....
x - Mephitic Cloud        Conj/Pois/Air  #.......     22%         3    ###....

Your spell library contained the following spells:

 Spells                   Type           Power        Failure   Level  Hunger
 Olgreb's Toxic Radiance  Pois           ###.....     21%         4    ####...


Dungeon Overview and Level Annotations

Branches:
Dungeon (4/15)
 Temple: D:4-7

Altars:
Yredelemnul
Zin

Annotations:
D:3 1 runed translucent door


Innate Abilities, Weirdness & Mutations

You are very small and have problems with some larger weapons.
You are too small for most types of armour.
You have supernaturally acute eyesight. (SInv)
You are a herbivore.
You cover ground extremely quickly.
You need to consume almost no food.


Message History

* * * LOW HITPOINT WARNING * * *
You take 4 damage, and have 9/28 hp.
You completely miss the phantom. The phantom barely misses you.
You hit the phantom but do no damage. The phantom completely misses you.
Your +0 dagger of venom stops dripping with poison.
b - a +0 short sword (weapon)
The phantom hits you.
* * * LOW HITPOINT WARNING * * *
You take 2 damage, and have 7/28 hp.
You hit the phantom. The phantom misses you. The phantom hits you.
* * * LOW HITPOINT WARNING * * *
The phantom blinks!
You take 4 damage, and have 3/28 hp.
You see here a hound corpse.
The phantom hits you.
* * * LOW HITPOINT WARNING * * *
There is a stone staircase leading up, spattered with blood here.
You take 2 damage, and have 1/28 hp.
You hit the phantom. The phantom closely misses you. The phantom hits you!
You die...

.. ##.## #... #..#
#..# . #..#
....#############..#
.....ZW@†......[...#
....##############)###
. #...# ## ###§###
)..# #.....
#.#######..###
#...........##
#......W......
#.####........


You could see a phantom and a bullfrog skeleton.

Levels and vault maps discovered:
D:1:      nzn_arrival_crosshair, layout_basic, minivault_26
D:2:      minmay_roachtagon, layout_loops_ring,
          yredelemnul_forgotten_temple_becter, chequers_ecumenical_altar_simple,
          patterned_corridor, uniq_terence
D:3:      layout_basic, first_ration, serial_park_tiny_1, lemuel_angel_altar
D:4:      layout_loops_ring, ebering_ghost_rock_garden, uniq_blork_the_orc

Notes
Turn   | Place    | Note
-------+----------+-------------------------------------------
     0 | D:1      | lepoulpe303 the Spriggan Venom Mage began the quest for the
                  | Orb.
     0 | D:1      | Reached XP level 1. HP: 9/9 MP: 5/5
    32 | D:1      | Identified a +0 dagger
    38 | D:1      | Identified a +0 club
   227 | D:1      | Identified a +0 club
   235 | D:1      | Reached skill level 2 in Transmutations
   413 | D:1      | Reached XP level 2. HP: 9/13 MP: 4/6
   436 | D:1      | Learned a level 2 spell: Poisonous Vapours
   440 | D:1      | Identified a +0 spear
   455 | D:1      | HP: 2/13 [goblin/stone (3)]
   766 | D:1      | Identified a cursed +0 club
   842 | D:1      | Identified a +0 club
   886 | D:1      | Identified a scarf of invisibility (You found it on level 1
                  | of the Dungeon)
   900 | D:1      | Identified a +0 whip
   900 | D:1      | Identified a +0 leather armour
  1260 | D:2      | HP: 3/13 [worm (10)]
  1516 | D:2      | Reached XP level 3. HP: 13/16 MP: 5/8
  1806 | D:2      | Reached skill level 1 in Short Blades
  1806 | D:2      | Reached skill level 3 in Spellcasting
  1806 | D:2      | Reached skill level 3 in Transmutations
  1852 | D:2      | Identified a +0 dagger
  1852 | D:2      | Identified a +0 hunting sling
  1905 | D:2      | Reached skill level 1 in Evocations
  1905 | D:2      | Reached XP level 4. HP: 21/21 MP: 9/9
  2033 | D:2      | Identified a +0 short sword
  2035 | D:2      | Found a faded altar of an unknown god.
  2099 | D:2      | Identified a +0 club
  2105 | D:2      | Identified a +3 mace of draining
  2105 | D:2      | Identified a +0 scale mail
  2105 | D:2      | Noticed Terence
  2144 | D:2      | Killed Terence
  2173 | D:2      | Identified a +0 club
  2194 | D:2      | Found a basalt altar of Yredelemnul.
  2430 | D:2      | Reached skill level 4 in Stealth
  2664 | D:2      | Reached XP level 5. HP: 18/24 MP: 10/10
  2673 | D:2      | Learned a level 3 spell: Ignite Poison
  2677 | D:2      | Learned a level 3 spell: Mephitic Cloud
  2978 | D:2      | Identified a +0 short sword
  3049 | D:2      | Reached skill level 4 in Poison Magic
  3145 | D:3      | Identified a +0 war axe
  3145 | D:3      | Identified a cursed +0 ring mail
  3148 | D:3      | Found a glowing silver altar of Zin.
  3149 | D:3      | Found a runed translucent door.
  3149 | D:3      | Identified a +1 whip of holy wrath
  3149 | D:3      | Identified a +0 robe
  3149 | D:3      | Noticed an angel
  3155 | D:3      | Identified a +0 club
  3243 | D:3      | Identified a +0 club
  3707 | D:3      | Identified a +0 dagger
  3787 | D:3      | Reached skill level 4 in Transmutations
  3812 | D:3      | Identified a +0 dagger of venom
  3883 | D:3      | Identified a cursed -2 dagger
  3883 | D:3      | Identified an uncursed ring of magical power
  3951 | D:3      | Identified a +0 trident
  3951 | D:3      | Identified a cursed -3 dagger
  3951 | D:3      | Identified a +0 robe
  3958 | D:3      | Identified a cursed -3 dagger
  3958 | D:3      | Identified a +0 robe
  3961 | D:3      | Identified a +0 dagger
  3961 | D:3      | Identified a +0 robe
  4623 | D:4      | Reached skill level 2 in Evocations
  4623 | D:4      | Reached XP level 6. HP: 28/28 MP: 12/12
  4755 | D:4      | Identified a +0 mace
  4755 | D:4      | Identified a +0 robe
  4755 | D:4      | Noticed Blork the orc
  4771 | D:4      | Killed Blork the orc
  4771 | D:4      | Reached skill level 2 in Short Blades
  4878 | D:4      | Identified a +0 hand axe
  4880 | D:4      | Identified a +0 club
  4880 | D:4      | Identified a cursed -3 dagger
  4880 | D:4      | Identified a cursed -2 robe
  4915 | D:4      | HP: 7/28 [phantom (2)]
  4916 | D:4      | HP: 3/28 [phantom (4)]
  4919 | D:4      | HP: 1/28 [phantom (2)]
  4920 | D:4      | Slain by a phantom

Table legend:
 A = Turns spent in this place as a percentage of turns spent in the entire game.
 B = Non-inter-level travel turns spent in this place as a percentage of non-inter-level travel turns spent in the entire game.
 C = Inter-level travel turns spent in this place as a percentage of turns spent in this place.
 D = Turns resting spent in this place as a percentage of non-inter-level travel turns spent in this place.
 E = Turns spent auto-exploring this place as a percentage of non-inter-level travel turns spent in this place.
 F = Non-inter-level travel turns spent in this place divided by the number of levels of this place that you've seen.
                   A       B       C       D       E      F
               +-------+-------+-------+-------+-------+----------------------
         Total | 100.0 | 100.0 |   3.4 |  38.9 |  33.6 | 1187.8
       Dungeon | 100.0 | 100.0 |   3.4 |  38.9 |  33.6 | 1187.8
               +-------+-------+-------+-------+-------+----------------------

Table legend:
 A = Kills in this place as a percentage of kills in entire the game.
 B = Kills by you in this place as a percentage of kills by you in the entire game.
 C = Kills by friends in this place as a percentage of kills by friends in the entire game.
 D = Other kills in this place as a percentage of other kills in the entire game.
 E = Experience gained in this place as a percentage of experience gained in the entire game.
 F = Experience gained in this place divided by the number of levels of this place that you have seen.
                   A       B       C       D       E      F
               +-------+-------+-------+-------+-------+----------------------
         Total | 100.0 | 100.0 |   N/A |   N/A | 100.0 | 152.2
       Dungeon | 100.0 | 100.0 |   N/A |   N/A | 100.0 | 152.2
               +-------+-------+-------+-------+-------+----------------------

Skill      XL: |  1  2  3  4  5  6 |
---------------+-------------------+-----
Transmutations | 2 3 4 |  4.8
Short Blades   | 1 2 |  2.2
Spellcasting   | 3 |  3.8
Evocations     | 1 2 |  2.3
Stealth        | 4 |  4.8
Poison Magic   | 4 |  4.6
Dodging        | |  3.0

Action                   |  1- 3 |  4- 6 || total
-------------------------+-------+-------++-------
Melee: Dagger            |    56 |   328 ||   384
       Short sword       |       |     3 ||     3
 Cast: Sting             |    26 |    35 ||    61
       Poisonous Vapours |     3 |     9 ||    12
 Stab: Sleeping          |     8 |    11 ||    19
  Eat: Ration            |       |     2 ||     2
Armor: Robe              |    10 |    37 ||    47
Dodge: Dodged            |    63 |   306 ||   369

Vanquished Creatures
  Blork the orc (D:4)
  3 hounds
  An orc priest (D:4)
  Terence (D:2)
  3 orc wizards
  2 adders
  An ooze (D:3)
  3 worms (D:2)
  3 dart slugs
  2 leopard geckos
  3 orcs
  15 giant cockroaches
  10 hobgoblins
  9 jackals
  9 kobolds
  A quokka (D:3)
  13 bats
  A frilled lizard (D:4)
  8 goblins
  6 rats
  A spectral orc (D:2)
96 creatures vanquished.
